 Dungeon Crawl Stone Soup version 0.32-a0-18-g89e19f1974 (webtiles) character file.

Game seed: 8407937625827005558

506 DApurpleWHUMPUS the Conjurer (level 7, -2/41 HPs)
             Began as an Octopode Conjurer on Jan 13, 2024.
             Slain by an orc wizard
             ... wielding a +0 scimitar
              (4 damage)
             ... on level 4 of the Dungeon on Jan 16, 2024.
             The game lasted 00:09:37 (4502 turns).

DApurpleWHUMPUS the Conjurer (Octopode Conjurer)    Turns: 4502, Time: 00:09:38

Health: -2/41      AC:  1    Str:  4 (6)  XL:     7   Next: 18%
Magic:  4/14       EV: 13    Int: 20 (21) God:
Gold:   122        SH:  0    Dex: 10 (12) Spells: 13/16 levels left

rFire   . . .        (no weapon)
rCold   . . .        (no shield)
rNeg    . . .        (helmet restricted)
rPois   .            (no amulet)
rElec   .            i - ring of see invisible
rCorr   .            (no ring)
SInv    +            (no ring)
Will    .....        (no ring)
Stlth   +++          (no ring)
HPRegen 0.26/turn    (no ring)
MPRegen 0.14/turn    (no ring)
                     (no ring)

%: no passive effects
@: brilliant, attractive
A: almost no armour, amphibious, 8 rings, camouflage 1, gelatinous body 1,
(nimble swimmer 1), tentacles
a: no special abilities


You were on level 4 of the Dungeon.
You visited 1 branch of the dungeon, and saw 4 of its levels.

You collected 122 gold pieces.

Inventory:

Jewellery
 i - a ring of see invisible (left tentacle)
 l - a ring of fire
Scrolls
 a - a scroll of immolation {unknown}
 b - 4 scrolls of teleportation {unknown}
 c - 2 scrolls of identify {unknown}
 e - 4 scrolls of noise {unknown}
 f - a scroll of fear {unknown}
 j - a scroll of poison {unknown}
 m - a scroll of silence {unknown}
Potions
 d - a potion of attraction
 k - a potion of magic


   Skills:
 - Level 2.0 Dodging
 - Level 2.6 Stealth
 + Level 5.1 Spellcasting
 + Level 6.5 Conjurations


You had 13 spell levels left.
You knew the following spells:

 Your Spells              Type           Power      Damage    Failure   Level
a - Magic Dart            Conj           100%       1d8       1%          1
b - Searing Ray           Conj           94%        2d7       1%          2

Your spell library contained the following spells:

 Spells                   Type           Power      Damage    Failure   Level
 Fulminant Prism          Conj/Alch      13%        3d8       30%         4
 Iskenderun's Mystic Bla  Conj/Tloc      27%        2d7       30%         4


Dungeon Overview and Level Annotations

Branches:
Dungeon (4/15)
 Temple: D:4-7

Altars:
Elyvilon
Fedhas
Nemelex Xobeh
Yredelemnul

Shops:
D:3 (


Innate Abilities, Weirdness & Mutations

You cannot wear most types of armour.
You are amphibious.
You can wear up to eight rings at the same time.
Your skin changes colour to match your surroundings (Stealth+).
Your rubbery body absorbs attacks. (AC +1, EV +1)
((You are camouflaged when in or above water. (Stealth+)))
You have tentacles for arms and can constrict up to eight enemies at once.


Message History

There are monsters nearby!
You are too injured to fight recklessly!
There are monsters nearby!
You're too confused to cast spells.
You are too injured to fight recklessly!
You closely miss the kobold brigand. You squeeze the kobold brigand.
The kobold brigand is lightly wounded.
The kobold brigand hits you with a +0 short sword.
There are monsters nearby!
Unknown command.
Unknown command.
Unknown command.
Welcome back, DApurpleWHUMPUS the Octopode Conjurer.
Press ? for a list of commands and other information.
Welcome back, DApurpleWHUMPUS the Octopode Conjurer.
Press ? for a list of commands and other information.
It was a potion of degeneration.
There was something very wrong with that liquid.
You feel weakened.
You feel dopey.
You feel clumsy.
The orc wizard hits you with a +0 scimitar.
The kobold brigand misses you.
It was a potion of attraction.
You feel attractive to monsters.
The kobold brigand hits you with a +0 short sword.
* * * LOW HITPOINT WARNING * * *
It was a potion of brilliance.
You feel clever all of a sudden. The orc wizard misses you.
The kobold brigand hits you with a +0 short sword!
* * * LOW HITPOINT WARNING * * *
The orc priest barely misses you.
You feel less confused.
The orc wizard attacks as it pursues you!
The orc wizard barely misses you. The orc priest misses you.
The orc wizard attacks as it pursues you!
The orc wizard misses you.
The orc wizard attacks as it pursues you!
The orc wizard hits you with a +0 scimitar.
You die...

#.. .# ## #...###..##
.##..## .##..# ##......###
#...#..##...## ##.....###
#...........##### #.....##.
##...# #.....## #........
...#.[..######...###.......#
...[.......####.......##...#
##..>..oK##..........####.##
#.##...#..o@.........##...#
........##.................#
.................#.#.......#
.................########.#
.................#### #.#
.>................#.#####.#
.#........##..#.###.##.#
.....(..........##.#..#
........###...##†....#


You could see a kobold brigand, an orc priest and an orc wizard.

Vanquished Creatures
  A sky beast (D:3)
  A black bear (D:4)
  A scorpion (D:4)
  A bombardier beetle (D:4)
  2 orc wizards
  Robin (D:2)
  7 adders
  4 dart slugs
  A ribbon worm (D:2)
  4 orcs
  5 ball pythons
  2 endoplasms (D:3)
  5 giant cockroaches
  7 goblins
  12 hobgoblins
  14 jackals
  2 quokkas
  7 bats
  4 frilled lizards
  16 kobolds
  6 rats
103 creatures vanquished.

Notes
Turn   | Place    | Note
-------+----------+-------------------------------------------
     0 | D:1      | DApurpleWHUMPUS the Octopode Conjurer began the quest for
                  | the Orb.
     0 | D:1      | Reached XP level 1. HP: 11/11 MP: 3/3
    56 | D:1      | Reached XP level 2. HP: 10/17 MP: 0/5
   650 | D:1      | Reached XP level 3. HP: 21/21 MP: 3/6
  1670 | D:2      | Noticed Robin
  1840 | D:1      | Learned a level 2 spell: Searing Ray
  1874 | D:2      | Reached XP level 4. HP: 22/27 MP: 2/8
  2133 | D:2      | Killed Robin
  2134 | D:2      | Reached skill level 5 in Conjurations
  2236 | D:2      | Reached XP level 5. HP: 31/31 MP: 5/10
  2880 | D:3      | Noticed a sky beast
  2888 | D:3      | Killed a sky beast
  2889 | D:3      | Reached XP level 6. HP: 25/36 MP: 1/12
  3079 | D:3      | Found Edwal's Weapon Shoppe.
  3434 | D:3      | Found a white marble altar of Elyvilon.
  3508 | D:3      | Found a sparkling altar of Nemelex Xobeh.
  3510 | D:3      | Found a basalt altar of Yredelemnul.
  3512 | D:3      | Found a blossoming altar of Fedhas.
  4117 | D:4      | Reached skill level 6 in Conjurations
  4288 | D:4      | Noticed a black bear
  4295 | D:4      | Killed a black bear
  4296 | D:4      | Reached skill level 5 in Spellcasting
  4296 | D:4      | Reached XP level 7. HP: 29/41 MP: 5/14
  4495 | D:4      | Upgraded the game from 0.32-a0-7-ge934b4519a to
                  | 0.32-a0-18-g89e19f1974
  4497 | D:4      | HP: 1/41 [kobold brigand/+0 short sword (7)]
  4502 | D:4      | Slain by an orc wizard

Illustrated notes

Levels and vault maps discovered:
D:1:      dpeg_arrival_simpleton_a, layout_basic, serial_bayou_ford_a,
          due_unseen_surprise
D:2:      layout_rooms, minmay_goblin_kobold_house, uniq_robin
D:3:      layout_basic, grunt_temple_overflow_open, lemuel_tele_altar,
          serial_shops, nicolae_shop_statue_plus
D:4:      layout_layer_cave

Skill      XL: |  1  2  3  4  5  6 |
---------------+-------------------+-----
Spellcasting   | 3 4 5 |  5.1
Conjurations   | 5 6 |  6.5
Dodging        | |  2.0
Stealth        | |  2.6

Action                     |  1- 3 |  4- 6 |  7- 9 || total
---------------------------+-------+-------+-------++-------
  Melee: Unarmed           |    16 |    12 |     1 ||    29
         Tentacles         |     5 |     2 |     1 ||     8
         Constrict         |     4 |     3 |       ||     7
   Cast: Magic Dart        |    68 |   105 |    15 ||   188
         Searing Ray       |       |     7 |       ||     7
    Use: Potion            |       |     1 |     3 ||     4
 Armour: Skin              |    10 |    27 |     9 ||    46
  Dodge: Dodged            |    17 |    34 |     6 ||    57

Table legend: (Time is in decaauts)
 A = Elapsed time spent in this place.
 B = Non-inter-level travel time spent in this place.
 C = Inter-level travel time spent in this place.
 D = Time resting spent in this place.
 E = Time spent auto-exploring this place.
 F = Levels seen in this place.
 G = Mean time per level.
                   A        B        C        D        E       F      G
               +--------+--------+--------+--------+--------+-----+--------+
         Total |   4501 |   4277 |    224 |    953 |   2882 |   4 | 1125.2 |
       Dungeon |   4501 |   4277 |    224 |    953 |   2882 |   4 | 1125.2 |
               +--------+--------+--------+--------+--------+-----+--------+

Top non-repeatable levels by time:
     D:1: 1854 daAuts
     D:3: 1180 daAuts
     D:2: 1013 daAuts
     D:4: 452 daAuts
